 Dungeon Crawl Stone Soup version 0.19-a0-805-g0a78ef0 (webtiles) character file.

95 AlphabetPasta the Magician (level 4, -9/30 HPs)
             Began as a Human Wizard on June 27, 2016.
             Was an Initiate of Vehumet.
             Killed by divine providence
             ... invoked by an orc priest
              (14 damage)
             ... on level 3 of the Dungeon.
             The game lasted 00:14:26 (2584 turns).

AlphabetPasta the Magician (Human Wizard)           Turns: 2584, Time: 00:14:27

Health: -9/30      AC:  3    Str:  7    XL:     4   Next: 97%
Magic:  2/9        EV: 12    Int: 20    God:    Vehumet [......]
Gold:   112        SH:  0    Dex: 11    Spells: 5 memorised, 0 levels left

rFire  . . .     SeeInvis .     j - +0 mace
rCold  . . .     Gourm    .     a - +0 robe
rNeg   . . .     Faith    .     (no shield)
rPois  .         Spirit   .     e - +0 helmet
rElec  .         Dismiss  .     (no cloak)
rCorr  .         Reflect  .     (no gloves)
SustAt .         Harm     .     (no boots)
MR     .....                    (no amulet)
Stlth  ++........               (no ring)
                                (no ring)

@: not resistant to hostile enchantments, unstealthy
A: no striking features
a: Renounce Religion


You were on level 3 of the Dungeon.
You worshipped Vehumet.
Vehumet was noncommittal.
You were not hungry.

You visited 1 branch of the dungeon, and saw 3 of its levels.

You collected 112 gold pieces.

Inventory:

Hand Weapons
 j - a +0 mace (weapon)
 r - a +2 falchion of holy wrath
Armour
 a - a +0 robe (worn)
 b - a +0 hat
 e - a +0 helmet (worn)
Jewellery
 p - an uncursed ring of magical power {unknown}
 s - an uncursed amulet of harm {unknown}
Scrolls
 f - 3 scrolls of remove curse {unknown}
 i - 2 scrolls of identify {unknown}
 l - 3 scrolls of immolation {unknown}
Potions
 g - a potion of flight {unknown}
 k - a potion of lignification {unknown}
 o - a potion of curing
 t - 2 potions of brilliance {unknown}
Books
 c - a book of Minor Magic

   Spells                             Type                      Level
   a - Magic Dart                     Conjuration                  1
   b - Blink                          Translocation                2
   c - Call Imp                       Summoning                    2
   d - Repel Missiles                 Charms/Air                   2
   e - Slow                           Hexes                        2
   f - Conjure Flame                  Conjuration/Fire             3
   g - Mephitic Cloud                 Conjuration/Poison/Air       3
Comestibles
 d - 2 bread rations
 h - a meat ration
 m - 4 fruits
 n - a royal jelly


   Skills:
 + Level 2.6 Dodging
 - Level 2.0 Stealth
 * Level 3.7 Spellcasting
 * Level 2.7 Conjurations
 - Level 1.0 Charms
 - Level 1.0 Summonings
 - Level 1.0 Translocations
 + Level 0.2 Fire Magic


You couldn't memorise any spells.
You knew the following spells:

 Your Spells              Type           Power        Failure   Level  Hunger
a - Magic Dart            Conj           ##..         4%          1    None
b - Blink                 Tloc           N/A          17%         2    ##.....
c - Call Imp              Summ           #.......     17%         2    ##.....
d - Repel Missiles        Chrm/Air       #.....       21%         2    ##.....
e - Conjure Flame         Conj/Fire      #.......     24%         3    ###....


Dungeon Overview and Level Annotations

Branches:
Dungeon (3/15)

Altars:
Ashenzari
Vehumet
Xom
Yredelemnul

Annotations:
D:3 TheGoonsmith's ghost, weakling GrEE


Message History

You see here a leather armour.
TheGoonsmith's ghost points at you and mumbles some strange words.
The rocky blast misses you.
TheGoonsmith's ghost wails, "They lied to you.
The Dungeon just goes down and down forever."
An orc and a player ghost come into view.
The orc is wielding a dagger of electrocution.
The orc moves out of view.
The earth trembles for a moment.
An orc, an orc wizard and a player ghost come into view.
The orc is wielding a dagger of electrocution.
The orc wizard gestures wildly while chanting.
The orc wizard seems to speed up.
Casting: Magic Dart
Confirm with . or Enter, or press ? or * to list all spells.
Aiming: Conjure Flame
Press: ? - help, Dir - move target cursor, p - orc priest The fire roars!
The orc priest invokes the aid of Beogh against you.
Beogh smites you!
You die...

#......>.......######## ###
#.#####..o5............ ...
#......).######5#########.#
#........# #.)# #.. ....
#........# ##.###.####.#
#.######## #..##.#.....
#######.# ##[##.#.##.#
........#
#########o.#.#)....
........#
#.@§W..oo......##.#
........#
#.########.#(#.##.#
#######o# #. .....#.##.#
#.. #. ...##.##.##.# #...
#. ..... .....##.# #..o #.
.... ###.####.# o... ..
.... .. ... ## ... #.# .#


You could see an orc priest, an orc wizard, TheGoonsmith's ghost and an orc.

Vanquished Creatures
  3 adders (D:2)
  3 worms
  2 dart slugs (D:2)
  2 giant geckos
  3 orcs (D:3)
  A ball python (D:2)
  A giant cockroach (D:2)
  4 goblins
  4 hobgoblins
  3 jackals (D:1)
  5 kobolds
  6 bats
  A giant newt (D:2)
  7 rats
45 creatures vanquished.

Vanquished Creatures (collateral kills)
  An adder (D:2)
1 creature vanquished.

Grand Total: 46 creatures vanquished

Notes
Turn   | Place    | Note
--------------------------------------------------------------
     0 | D:1      | AlphabetPasta the Human Wizard began the quest for the Orb.
     0 | D:1      | Reached XP level 1. HP: 13/13 MP: 4/4
   422 | D:1      | Reached XP level 2. HP: 19/19 MP: 3/6
   426 | D:1      | Learned a level 2 spell: Blink
   429 | D:1      | Learned a level 2 spell: Call Imp
   432 | D:1      | Learned a level 2 spell: Repel Missiles
   928 | D:2      | Reached XP level 3. HP: 14/24 MP: 0/7
  1096 | D:2      | Found a shattered altar of Ashenzari.
  1098 | D:2      | Found a basalt altar of Yredelemnul.
  1120 | D:2      | Found a shimmering altar of Xom.
  1452 | D:2      | Reached XP level 4. HP: 30/30 MP: 2/9
  1457 | D:2      | Learned a level 3 spell: Conjure Flame
  2210 | D:3      | Found a radiant altar of Vehumet.
  2217 | D:3      | Became a worshipper of Vehumet
  2345 | D:3      | Reached skill level 1 in Charms
  2575 | D:3      | Noticed TheGoonsmith's ghost (weakling GrEE)
  2584 | D:3      | Killed from afar by an orc priest

Vault maps used:
D:1:      dpeg_arrival_long_road
D:2:      minmay_door_path, grunt_temple_overflow_open
D:3:      nicolae_overflow_crystal_walls, grunt_decor_cap

Skill      XL: |  1  2  3  4 |
---------------+-------------+-----
Conjurations   | 2 |  2.7
Charms         | 1 |  1.0
Dodging        | |  2.6
Stealth        | |  2.0
Spellcasting   | |  3.7
Summonings     | |  1.0
Translocations | |  1.0
Fire Magic     | |  0.2

Action                   |  1- 3 |  4- 6 || total
-------------------------+-------+-------++-------
Melee: Unarmed           |    34 |       ||    34
       Mace              |     9 |     8 ||    17
 Cast: Magic Dart        |    71 |    73 ||   144
       Repel Missiles    |     1 |       ||     1
       Call Imp          |       |     2 ||     2
       Conjure Flame     |       |     1 ||     1
  Use: Potion            |     2 |       ||     2
  Eat: Chunk             |     2 |     3 ||     5
Armor: Robe              |    19 |     1 ||    20
Dodge: Dodged            |    45 |     8 ||    53
       Deflected         |     1 |       ||     1
